AoeStats
← chmchmchmchmchm

Arena

510053691Analyzed
2v2 RM · 5d ago on Sep 29, 2026· 50m 58s· 4 players
Game mode
Random Map
Map size
Medium (4 player)
Population
200
Speed
Normal
Resources
Standard
Victory
Conquest
Starting age
Dark Age
Ending age
Imperial Age
RankedLock teamsTeams togetherTeam positionsShared explorationLock speedFull tech treeHidden civsTurbo modeCheats
Victory
Defeat
🇹🇼 Italians · Taiwan
1227
+16
🇨🇳 Bohemians · China
1192
+16
🇦🇺 Byzantines · Australia
1241
-17
🇹🇷 Dravidians · Türkiye
1191
-15
南港包大爺
10:22 Feudal Age
8:38 Loom
15:06 Castle Age
13:06 Double-Bit Axe
13:13 Horse Collar
16:27 Bow Saw
18:18 Wheelbarrow
27:31 Imperial Age
25:18 Hand Cart
27:29 Fletching
27:40 Padded Archer Armor
29:32 Chemistry
28:34 Elite Genoese Crossbowman
29:14 Bodkin Arrow
29:36 Leather Archer Armor
32:14 Bracer
32:44 Ring Archer Armor
32:24 Gold Mining
32:25 Stone Mining
33:14 Ballistics
33:11 Onager
41:26 Scale Mail Armor
41:37 Forging
42:44 Squires
42:29 Arson
42:05 Pikeman
46:41 Chain Mail Armor
48:51 Iron Casting
chmchmchmchmchm
10:35 Feudal Age
14:10 Castle Age
12:12 Double-Bit Axe
12:25 Horse Collar
15:01 Bow Saw
15:56 Heavy Plow
16:12 Loom
19:13 Fervor
24:44 Wheelbarrow
26:21 Hand Cart
26:08 Town Watch
30:39 Imperial Age
28:21 Forging
28:11 Scale Mail Armor
28:21 Forging
28:12 Scale Mail Armor
29:14 Chemistry
28:42 Fletching
28:57 Pikeman
29:38 Squires
30:15 Iron Casting
30:37 Wagenburg Tactics
31:30 Guilds
32:23 Two-Man Saw
31:47 Chain Mail Armor
31:56 Conscription
31:45 Houfnice
32:50 Elite Hussite Wagon
34:32 Siege Engineers
34:43 Halberdier
36:57 Blast Furnace
36:27 Plate Mail Armor
38:43 Ballistics
38:34 Masonry
42:18 Architecture
41:33 Arrowslits
41:45 Bodkin Arrow
44:12 Arson
44:55 Bracer
Milkus Dilkus
11:08 Feudal Age
15:00 Castle Age
12:52 Double-Bit Axe
18:05 Bow Saw
17:39 Horse Collar
21:38 Heavy Plow
22:45 Gold Mining
24:26 Wheelbarrow
23:39 Loom
26:02 Stone Mining
26:43 Fletching
26:54 Padded Archer Armor
29:40 Imperial Age
27:34 Bodkin Arrow
28:37 Thumb Ring
28:05 Elite Skirmisher
29:12 Leather Archer Armor
29:32 Husbandry
29:55 Medical Corps
30:57 Hand Cart
31:37 Conscription
33:14 Two-Man Saw
31:59 Elite Elephant Archer
33:28 Ring Archer Armor
35:16 Ballistics
36:05 Chemistry
35:11 Bracer
Arfah
11:18 Feudal Age
12:33 Double-Bit Axe
15:10 Castle Age
13:39 Horse Collar
14:03 Man-at-Arms
17:16 Bow Saw
19:02 Heavy Plow
18:54 Loom
19:52 Wheelbarrow
22:37 Elite Skirmisher
23:10 Fletching
23:22 Padded Archer Armor
25:52 Bodkin Arrow
27:01 Husbandry
30:09 Imperial Age
28:16 Scale Barding Armor
28:21 Forging
28:20 Gold Mining
28:22 Stone Mining
29:34 Hand Cart
30:31 Chain Barding Armor
30:53 Iron Casting
31:03 Gold Shaft Mining
30:35 Cavalier
31:55 Plate Barding Armor
32:15 Paladin
33:38 Fortified Wall
34:40 Stone Shaft Mining
34:15 Heavy Camel Rider
38:27 Conscription
38:25 Bracer
38:17 Elite Cataphract
Connection lost

Rejoining the realm…

Still unreachable

The connection could not be restored.

Session expired

The server has moved on; the page needs a fresh start.